 Dungeon Crawl Stone Soup version 0.26-a0-639-g72c4674 (webtiles) character file.

Game seed: 2730231976935180018

75 royokou the Gusty (level 4, -3/32 HPs)
             Began as a Gnoll Wanderer on Sept 19, 2020.
             Slain by Sigmund
             ... wielding a +0 scythe
              (14 damage)
             ... on level 1 of the Dungeon.
             The game lasted 00:09:58 (2574 turns).

royokou the Gusty (Gnoll Wanderer)                  Turns: 2574, Time: 00:09:59

Health: -3/32      AC:  2    Str: 13    XL:     4   Next: 31%
Magic:  0/5        EV: 12    Int: 14    God:
Gold:   79         SH:  0    Dex: 17    Spells: 2/5 levels left

rFire    . . .     SeeInvis .   a - +0 dagger
rCold    . . .     Faith    .   (no shield)
rNeg     . . .     Spirit   .   d - +0 robe
rPois    .         Reflect  .   (no helmet)
rElec    .         Harm     .   (no cloak)
rCorr    .         Rampage  .   (no gloves)
MR       .....                  (no boots)
Stlth    ++........             (no amulet)
HPRegen  0.10/turn              (no ring)
MPRegen  0.09/turn              (no ring)

@: no status effects
A: distributed training, fangs 1, strong nose
a: no special abilities


You were on level 1 of the Dungeon.
You visited 1 branch of the dungeon, and saw 2 of its levels.

You collected 79 gold pieces.

Inventory:

Hand Weapons
 a - a +0 dagger (weapon)
Armour
 d - a +0 robe (worn)
Scrolls
 f - a scroll of remove curse {unknown}
 g - 4 scrolls of blinking {unknown}
 h - a scroll of enchant armour {unknown}
 k - 3 scrolls of identify {unknown}
 o - a scroll of teleportation {unknown}
Potions
 b - a potion of flight {unknown}
 c - 2 potions of curing {unknown}
 e - 2 potions of invisibility {unknown}
 i - a potion of heal wounds {unknown}
 j - 3 potions of ambrosia {unknown}
 l - a potion of might {unknown}
 m - a potion of brilliance {unknown}
 n - a potion of lignification {unknown}
 p - a potion of mutation {unknown}
 q - a potion of magic {unknown}


   Skills:
 + Level 1.1 Fighting
 + Level 4.6 Short Blades
 + Level 1.1 Long Blades
 + Level 1.1 Axes
 + Level 1.1 Maces & Flails
 + Level 1.1 Polearms
 + Level 1.1 Staves
 + Level 1.1 Slings
 + Level 1.1 Bows
 + Level 1.1 Crossbows
 + Level 4.6 Throwing
 + Level 1.1 Armour
 + Level 1.1 Dodging
 + Level 2.5 Stealth
 + Level 1.1 Shields
 + Level 1.1 Unarmed Combat
 + Level 1.1 Spellcasting
 + Level 0.8 Conjurations
 + Level 0.8 Hexes
 + Level 0.8 Summonings
 + Level 0.8 Necromancy
 + Level 0.8 Translocations
 + Level 0.8 Transmutations
 + Level 3.8 Fire Magic
 + Level 0.8 Ice Magic
 + Level 5.4 Air Magic
 + Level 0.8 Earth Magic
 + Level 0.8 Poison Magic
 + Level 1.2 Invocations
 + Level 1.1 Evocations


You had 2 spell levels left.
You knew the following spells:

 Your Spells              Type           Power        Failure   Level
a - Shock                 Conj/Air       #...         7%          1
b - Swiftness             Air            ###.....     4%          2

Your spell library contained the following spells:

 Spells                   Type           Power        Failure   Level
 Foxfire                  Conj/Fire      #...         10%         1
 Beastly Appendage        Tmut           #.....       19%         1
 Freeze                   Ice            #...         19%         1
 Magic Dart               Conj           #...         19%         1
 Blink                    Tloc           N/A          28%         2
 Call Imp                 Summ           #.......     28%         2
 Slow                     Hex            #.......     28%         2
 Wereblood                Tmut           #.......     28%         2
 Static Discharge         Conj/Air       #.......     22%         3
 Airstrike                Air            ###.......   26%         4
 Mephitic Cloud           Conj/Pois/Air  #.......     28%         3
 Conjure Flame            Conj/Fire      #.......     30%         3
 Frozen Ramparts          Ice            #.....       50%         3
 Spider Form              Tmut/Pois      #.........   50%         3
 Ice Form                 Ice/Tmut       #.......     88%         4
 Lightning Bolt           Conj/Air       #.........   89%         5
 Blade Hands              Tmut           #.........   99%         5


Dungeon Overview and Level Annotations

Branches:
Dungeon (2/15)

Altars:
Okawaru
The Shining One

Annotations:
D:2 Sigmund


Innate Abilities, Weirdness & Mutations

Your experience applies equally to all skills.
You have very sharp teeth.
Your uncanny sense of smell can sniff out nearby items.


Message History

Press: ? - help, Shift-Dir - straight line, f/p - Sigmund
Aim: Sigmund, wielding a +0 scythe and wearing a cursed +0 robe (moderately wounded)
The zap hits Sigmund.
Sigmund is heavily wounded.
Sigmund hits you with a +0 scythe!
Casting: Shock (safe; 7% risk of failure)
Confirm with . or Enter, or press ? or * to list all spells.
Aiming: Shock (safe; 7% risk of failure)
Press: ? - help, Shift-Dir - straight line, f/p - Sigmund
Aim: Sigmund, wielding a +0 scythe and wearing a cursed +0 robe (heavily wounded)
The zap hits Sigmund.
Sigmund is heavily wounded.
Sigmund mumbles some strange words.
Sigmund flickers and vanishes!
Deactivating autopickup; reactivate with Ctrl-A.
You climb upwards.
Reactivating autopickup.
There is a stone staircase leading down here.
You start resting.
Something hits you!
You die...

#..................#.......##
#..................#########.
#.......)..........#########.
##########...#...........†...##.
##.#..........#...............##.
...#.######...#...............###
##.#.# #....#........########
.#.#.#####.##.#........#
.#).....##.##÷#.@......#
........##.##.##########
.#......##.##.....#
.#.........##.....###
.##.....#####.......# .########
#.....#.# .######## #.....#.#
######## .##.>...#
#.#.###.######P≈≈≈≈≈≈
..#.###.#####.#.# #.#....#.P≈≈≈≈≈


There were no monsters in sight!

Vanquished Creatures
  Jessica (D:2)
  An adder (D:2)
  2 oozes (D:1)
  A giant cockroach (D:1)
  5 goblins
  8 hobgoblins
  4 bats (D:1)
  3 frilled lizards
  4 kobolds
29 creatures vanquished.

Notes
Turn   | Place    | Note
-------+----------+-------------------------------------------
     0 | D:1      | royokou the Gnoll Wanderer began the quest for the Orb.
     0 | D:1      | royokou set off with the following items: a +0 dagger, a +0
                  | robe; and the following spells available to memorise:
                  | Swiftness, Shock, Foxfire, Freeze, Static Discharge,
                  | Airstrike, Conjure Flame, Frozen Ramparts, Lightning Bolt
     0 | D:1      | Reached XP level 1. HP: 13/13 MP: 1/1
   383 | D:1      | Reached XP level 2. HP: 16/19 MP: 2/2
   386 | D:1      | Learned a level 1 spell: Shock
   519 | D:1      | Found a glowing golden altar of the Shining One.
   984 | D:1      | Reached XP level 3. HP: 25/25 MP: 0/3
  1071 | D:1      | Learned a level 2 spell: Swiftness
  1594 | D:2      | Found an iron altar of Okawaru.
  1676 | D:2      | Reached skill level 1 in Invocations
  1850 | D:2      | Noticed Jessica
  1879 | D:2      | Killed Jessica
  1879 | D:2      | Reached skill level 1 in Fighting
  1879 | D:2      | Reached skill level 1 in Long Blades
  1879 | D:2      | Reached skill level 1 in Axes
  1879 | D:2      | Reached skill level 1 in Maces & Flails
  1879 | D:2      | Reached skill level 1 in Polearms
  1879 | D:2      | Reached skill level 1 in Staves
  1879 | D:2      | Reached skill level 1 in Slings
  1879 | D:2      | Reached skill level 1 in Bows
  1879 | D:2      | Reached skill level 1 in Crossbows
  1879 | D:2      | Reached skill level 1 in Armour
  1879 | D:2      | Reached skill level 1 in Dodging
  1879 | D:2      | Reached skill level 1 in Shields
  1879 | D:2      | Reached skill level 1 in Unarmed Combat
  1879 | D:2      | Reached skill level 1 in Spellcasting
  1879 | D:2      | Reached skill level 1 in Evocations
  1879 | D:2      | Reached XP level 4. HP: 17/32 MP: 0/5
  2109 | D:2      | Noticed Sigmund
  2574 | D:1      | Slain by Sigmund

Illustrated notes

Levels and vault maps discovered:
D:1:      eino_arrival_druids_welcome, layout_basic, tso_altar
D:2:      layout_rooms, lemuel_crystal_altar, uniq_jessica, uniq_sigmund

Skill      XL: |  1  2  3 |
---------------+----------+-----
Invocations    | 1 |  1.2
Fighting       | 1 |  1.1
Long Blades    | 1 |  1.1
Axes           | 1 |  1.1
Maces & Flails | 1 |  1.1
Polearms       | 1 |  1.1
Staves         | 1 |  1.1
Slings         | 1 |  1.1
Bows           | 1 |  1.1
Crossbows      | 1 |  1.1
Armour         | 1 |  1.1
Dodging        | 1 |  1.1
Shields        | 1 |  1.1
Unarmed Combat | 1 |  1.1
Spellcasting   | 1 |  1.1
Evocations     | 1 |  1.1
Short Blades   | |  4.6
Throwing       | |  4.6
Stealth        | |  2.5
Conjurations   | |  0.8
Hexes          | |  0.8
Summonings     | |  0.8
Necromancy     | |  0.8
Translocations | |  0.8
Transmutations | |  0.8
Fire Magic     | |  3.8
Ice Magic      | |  0.8
Air Magic      | |  5.4
Earth Magic    | |  0.8
Poison Magic   | |  0.8

Action                   |  1- 3 |  4- 6 || total
-------------------------+-------+-------++-------
Melee: Dagger            |    90 |     1 ||    91
       Bite              |     9 |       ||     9
 Cast: Shock             |    38 |    13 ||    51
       Swiftness         |     1 |     2 ||     3
 Stab: Sleeping          |     1 |       ||     1
Armor: Robe              |     9 |       ||     9
Dodge: Dodged            |    51 |     7 ||    58

Table legend: (Time is in decaauts)
 A = Elapsed time spent in this place.
 B = Non-inter-level travel time spent in this place.
 C = Inter-level travel time spent in this place.
 D = Time resting spent in this place.
 E = Time spent auto-exploring this place.
 F = Levels seen in this place.
 G = Mean time per level.
                   A        B        C        D        E       F      G
               +--------+--------+--------+--------+--------+-----+--------+
         Total |   2562 |   2554 |      8 |    644 |   1551 |   2 | 1281.0 |
       Dungeon |   2562 |   2554 |      8 |    644 |   1551 |   2 | 1281.0 |
               +--------+--------+--------+--------+--------+-----+--------+

Top non-repeatable levels by time:
     D:1: 1816 daAuts
     D:2: 746 daAuts
